Construct Infanterie Kompanie
Infanterie Officer Quarters
Construct Luftwaffe Kompanie
Selects Luftwaffe Battlegroup
Selects Luftwaffe Pioneer Support
Selects Reconnaissance Run
Selects Fallschirmjäger Squad Paradrop
Selects Fragmentation Bombs
Construct Panzergrenadier Kompanie
Nebelwerfer 42 Rocket Launcher Team
Selects Flak 38 Anti-Air Emplacement
Panzergrenadier Officer Quarters
Luftwaffe Officer Quarters